 Dungeon Crawl Stone Soup version 0.19-a0-1834-g6b7851e (webtiles) character file.

579 KarmaPolice the Slasher (level 7, -4/55 HPs)
             Began as a Vampire Gladiator on Oct 8, 2016.
             Was a Follower of Qazlal.
             Slain by an orc priest
             ... wielding a +0 hand axe
              (7 damage)
             ... on level 5 of the Dungeon.
             The game lasted 00:08:59 (4581 turns).

KarmaPolice the Slasher (Vampire Gladiator)         Turns: 4581, Time: 00:09:00

Health: -4/55      AC:  7    Str: 15    XL:     7   Next: 13%
Magic:  9/9        EV: 13    Int: 11    God:    Qazlal [*.....]
Gold:   277        SH:  1    Dex: 15    Spells: 0 memorised, 6 levels left

rFire  . . .     SeeInvis +     u - +3 dagger (venom)
rCold  + . .     Gourm    .     b - +0 leather armour
rNeg   + . .     Faith    .     (no shield)
rPois  .         Spirit   .     c - +0 helmet
rElec  .         Dismiss  .     q - +1 cloak
rCorr  .         Reflect  .     w - +0 pair of gloves
MR     .....     Harm     .     (no boots)
Stlth  +.........               (no amulet)
                                (no ring)
                                j - ring of protection from cold

@: no status effects
A: fangs 3, see invisible, unbreathing
a: Bat Form, Renounce Religion


You were on level 5 of the Dungeon.
You worshipped Qazlal.
Qazlal was aware of your devotion.
You were not thirsty.

You visited 1 branch of the dungeon, and saw 6 of its levels.
You also visited: Sewer.

You collected 277 gold pieces.

Inventory:

Hand Weapons
 u - a +3 dagger of venom (weapon)
 C - a +1 falchion of slicing
Missiles
 d - 3 throwing nets (quivered)
Armour
 b - a +0 leather armour (worn)
 c - a +0 helmet (worn)
 m - a cursed +0 ring mail
 q - a +1 cloak (worn)
 w - a +0 pair of gloves (worn)
 z - a +0 leather armour of fire resistance
Jewellery
 j - a ring of protection from cold (left hand)
 o - a cursed ring of fire {unknown}
 D - an uncursed ring of wizardry {unknown}
Wands
 F - a wand of lightning (6/15)
Scrolls
 g - 2 scrolls of teleportation {unknown}
 i - 5 scrolls of identify {unknown}
 l - 2 scrolls of noise {unknown}
 r - 3 scrolls of remove curse {unknown}
 y - 2 scrolls of enchant armour {unknown}
 A - 2 scrolls of random uselessness {unknown}
 B - a scroll of fear {unknown}
 H - a scroll of enchant weapon {unknown}
Potions
 a - a potion of cure mutation {unknown}
 e - 12 potions of blood
 f - 3 potions of curing {unknown}
 h - a potion of heal wounds {unknown}
 k - 2 potions of lignification {unknown}
 n - a potion of might {unknown}
 p - 2 potions of agility {unknown}
 s - 3 potions of degeneration {unknown}
 t - a potion of cancellation {unknown}
 v - 2 potions of mutation {unknown}
 x - a potion of magic {unknown}
 E - 2 potions of berserk rage {unknown}
 G - a potion of resistance {unknown}


   Skills:
 + Level 4.8 Fighting
 + Level 5.6 Long Blades
 - Level 1.5 Throwing
 - Level 3.2 Dodging
 + Level 2.7 Invocations


You had 6 spell levels left.
You didn't know any spells.

Dungeon Overview and Level Annotations

Branches:
Dungeon (6/15)
 Temple: D:4-7

Altars:
Ashenzari
Hepliaklqana
Kikubaaqudgha
Qazlal
Ru
Uskayaw
Xom
Yredelemnul


Innate Abilities, Weirdness & Mutations

You have razor-sharp teeth.
You have supernaturally acute eyesight. (SInv)
You can survive without breathing.


Message History

Beogh smites you!
* * * LOW HITPOINT WARNING * * *
The orc misses you.
You closely miss the orc priest.
The orc priest is heavily wounded.
The orc priest closely misses you. The orc barely misses you.
You hit the orc priest.
The orc priest looks as sick as possible!
The orc priest is heavily wounded.
You hit the orc priest.
The orc priest is almost dead.
The orc barely misses you.
The orc priest mumbles some strange prayers to Beogh against you.
Beogh smites you!
* * * LOW HITPOINT WARNING * * *
You hit the orc priest but do no damage.
The orc priest is almost dead.
The orc barely misses you.
The orc priest hits you with a hand axe!
You die...

#.....# #.#...#
#.#.########
#.#<#......#
##..)#.####.#
#...........#####
#....#.#....#....
#######.#....#....
#@oo..............
#o#........#.#....
#.#..#######.#....
#.#...## #.#....
#......## #.#....
##.......## #.#....
#.........###.#####
#..................
##....#.#.###%#....


You could see an orc priest, an orc wizard and an orc.

Vanquished Creatures
  An ogre (D:5)
  A crocodile (Sewer)
  A scorpion (D:4)
  A centaur zombie (D:5)
  An orc priest (D:4)
  3 orc wizards
  3 worker ants
  A hound skeleton (D:4)
  3 adders
  2 oozes (D:2)
  An adder skeleton (D:5)
  2 worms
  A dart slug (D:1)
  2 leopard geckos
  15 orcs
  A ball python (D:5)
  8 bats
  6 giant cockroaches
  3 goblins
  4 hobgoblins
  2 jackals (Sewer)
  8 kobolds
  3 quokkas
  4 frilled lizards
  14 rats
91 creatures vanquished.

Notes
Turn   | Place    | Note
-------+----------+-------------------------------------------
     0 | D:1      | KarmaPolice the Vampire Gladiator began the quest for the Orb.
     0 | D:1      | Reached XP level 1. HP: 16/16 MP: 1/1
   172 | D:1      | Reached XP level 2. HP: 22/22 MP: 2/2
   566 | D:2      | Reached XP level 3. HP: 27/28 MP: 3/3
   654 | D:2      | Noticed a dagger
   656 | D:2      | Noticed a dagger
   669 | D:2      | Found a hide-covered altar of Uskayaw.
   759 | D:2      | Noticed an earth elemental
   761 | D:2      | Found a stormy altar of Qazlal.
   767 | D:2      | Noticed a fire elemental
   767 | D:2      | Noticed a water elemental
   767 | D:2      | Noticed an air elemental
   772 | D:2      | Became a worshipper of Qazlal Stormbringer
  1027 | D:3      | Reached skill level 4 in Long Blades
  1042 | D:3      | Reached XP level 4. HP: 22/35 MP: 4/4
  1751 | D:3      | Found a shimmering altar of Xom.
  2186 | D:3      | Found an ancient bone altar of Kikubaaqudgha.
  2253 | D:3      | Reached XP level 5. HP: 38/42 MP: 5/5
  2588 | D:4      | Reached skill level 1 in Invocations
  2690 | D:4      | Reached * piety under Qazlal
  2690 | D:4      | Reached skill level 5 in Long Blades
  3047 | D:4      | Found a shattered altar of Ashenzari.
  3189 | D:4      | Found a sacrificial altar of Ru.
  3192 | D:4      | Reached XP level 6. HP: 48/48 MP: 7/7
  3785 | D:4      | Got a brightly glowing whip
  3786 | D:4      | Identified the +3 whip of False Accusations {freeze, rPois Dex+4} (You found it on level 4 of the Dungeon)
  3811 | D:5      | Entered Level 5 of the Dungeon
  3873 | D:5      | Found a basalt altar of Yredelemnul.
  4053 | D:5      | Found a hazy altar of Hepliaklqana.
  4297 | D:5      | Found a glowing drain.
  4307 | Sewer    | Entered a sewer
  4437 | Sewer    | Reached XP level 7. HP: 49/55 MP: 7/9
  4581 | D:5      | Slain by an orc priest

Vault maps used:
D:1:      erik_arrival_orb_chamber
D:2:      dancing_weapons_uskayaw, nicolae_qazlal_style_of_elements
D:3:      nicolae_overflow_hidden_temple, overflow_temple_1_default,
          uniq_sigmund
D:4:      ashenzari_conservatory_becter, nicolae_ru_great_annihilating_truth
D:5:      kennysheep_mini_moat, lemuel_crystal_altar, portal_sewer_entry_d,
          first_bread, serial_bayou_lake_a
Sewer:    sewer_the_crocodile

Skill      XL: |  1  2  3  4  5  6 |
---------------+-------------------+-----
Fighting       | 2 3 4 |  4.8
Long Blades    | 4 5 |  5.6
Invocations    | 1 2 |  2.7
Throwing       | |  1.5
Dodging        | |  3.2

Action                   |  1- 3 |  4- 6 |  7- 9 || total
-------------------------+-------+-------+-------++-------
Melee: Long sword        |    70 |       |       ||    70
       Bite              |    16 |    22 |     1 ||    39
       Dagger            |    48 |   130 |     8 ||   186
       Falchion          |       |    22 |       ||    22
 Abil: End Transformatio |       |     1 |       ||     1
       Bat Form          |       |     1 |       ||     1
  Use: Potion            |       |     6 |       ||     6
 Stab: Sleeping          |       |     2 |       ||     2
  Eat: Corpse            |       |     1 |       ||     1
Armor: Leather armour    |    33 |    28 |     2 ||    63
Dodge: Dodged            |    63 |    80 |     6 ||   149
Block: Other             |       |     2 |       ||     2
       Rpst.: Long sword |    18 |       |       ||    18
       Falchion          |       |     4 |       ||     4
